 Dungeon Crawl Stone Soup version 0.29-a0-516-g906aab0 (webtiles) character file.

Game seed: 2237005716331828696

53162 Toastz the Warrior (level 14, -20/128 HPs)
             Began as a Demonspawn Fighter on May 30, 2022.
             Was a High Priest of Nemelex Xobeh.
             Demolished by a titanic slime creature (55 damage)
             ... on level 12 of the Dungeon.
             The game lasted 00:49:36 (23657 turns).

Toastz the Warrior (Demonspawn Fighter)            Turns: 23657, Time: 00:49:37

Health: -20/128    AC: 24    Str: 20    XL:     14   Next: 29%
Magic:  0/22       EV:  7    Int:  9    God:    Nemelex Xobeh [*****.]
Gold:   1178       SH:  9    Dex: 15    Spells: 13/13 levels left

rFire   + . .      SeeInvis .   a - +6 demon whip (venom)
rCold   + . .      Faith    .   c - +0 buckler
rNeg    . . .      Spirit   +   B - +2 plate armour {rF+}
rPois   .          Reflect  .   y - +1 hat
rElec   .          Harm     .   r - +1 cloak
rCorr   +          Rampage  .   W - +1 pair of gloves
Will    +....                   J - +1 pair of boots
Stlth   ..........              Z - amulet of magic regeneration
HPRegen 0.31/turn               e - ring of protection from cold
MPRegen 0.76/turn               N - ring of resist corrosion

@: studying Armour
A: horns 2, large bone plates 1, spiny 2, magic shield, magic regeneration,
magic link, screaming 1
a: Renounce Religion, Draw Escape, Draw Destruction, Draw Summoning, Triple
Draw, Deal Four, Stack Five


You were on level 12 of the Dungeon.
You worshipped Nemelex Xobeh.
Nemelex Xobeh was extremely pleased with you.
You visited 3 branches of the dungeon, and saw 19 of its levels.
You also visited: Gauntlet and Volcano.

You collected 1325 gold pieces.
You spent 147 gold pieces at shops.

Inventory:

Hand Weapons
 a - a +6 demon whip of venom (weapon)
 O - the +5 great mace of Dithmenos's Anger {antimagic, Will+ Str+4 Int+2}
   (You found it on level 6 of the Lair of Beasts)

   It reduces the magical energy of the wielder, and disrupts the spells and
   magical abilities of those it strikes.
   Natural abilities and divine invocations are not affected.
   Str:       It affects your strength (+4).
   Int:       It affects your intelligence (+2).
   Will:      It increases your willpower.
Missiles
 h - 13 boomerangs (quivered)
 q - 4 throwing nets
 C - 4 javelins
Armour
 c - a +0 buckler (worn)
 r - a +1 cloak (worn)
 y - a +1 hat (worn)
 B - a +2 plate armour of fire resistance (worn)
 J - a +1 pair of boots (worn)
 Q - a scarf of invisibility
 U - +0 acid dragon scales
 W - a +1 pair of gloves (worn)
Jewellery
 e - a ring of protection from cold (left hand)
 F - a ring of flight
 H - an amulet of the acrobat
 N - a ring of resist corrosion (right hand)
 Z - an amulet of magic regeneration (around neck)
Wands
 b - a wand of charming (1)
 x - a wand of flame (19)
 E - a wand of iceblast (12)
 P - a wand of paralysis (19)
 S - a wand of polymorph (17)
 T - a wand of digging (8)
 X - a wand of mindburst (3)
 Y - a wand of acid (4)
Scrolls
 f - 6 scrolls of teleportation
 i - a scroll of magic mapping
 k - 5 scrolls of fog
 l - 2 scrolls of torment
 m - 2 scrolls of vulnerability
 n - a scroll of silence {unknown}
 p - 6 scrolls of immolation
 s - 6 scrolls of amnesia
 v - 2 scrolls of fear
 I - 3 scrolls of brand weapon
 K - 2 scrolls of poison
 L - a scroll of summoning
 M - 6 scrolls of blinking
Potions
 d - 2 potions of might
 g - a potion of cancellation
 j - 3 potions of attraction
 o - 12 potions of curing
 t - a potion of invisibility
 w - 7 potions of lignification
 z - 2 potions of brilliance
 A - a potion of magic
 D - 9 potions of heal wounds
 G - 5 potions of mutation
 R - 3 potions of haste
 V - a potion of berserk rage
Miscellaneous
 u - a phantom mirror


   Skills:
 + Level 17.1 Fighting
 - Level 12.8 Maces & Flails
 - Level 9.0 Armour
 - Level 3.0 Dodging
 - Level 5.0 Shields
 * Level 11.9 Invocations
 - Level 0.8 Evocations


You had 13 spell levels left.
You didn't know any spells.
Your spell library contained the following spells:

 Spells                   Type           Power      Damage    Failure   Level
 Slow                     Hex            0%         N/A       100%        1
 Ensorcelled Hibernation  Hex/Ice        0%         N/A       100%        2
 Call Canine Familiar     Summ           0%         N/A       100%        3
 Confusing Touch          Hex            0%         N/A       100%        3
 Dazzling Flash           Conj/Hex       0%         N/A       100%        3
 Gell's Gravitas          Tloc           0%         N/A       100%        3
 Portal Projectile        Hex/Tloc       0%         N/A       100%        3
 Spider Form              Tmut/Pois      0%         N/A       100%        3
 Stone Arrow              Conj/Erth      0%         3d7       100%        3
 Teleport Other           Tloc           0%         N/A       100%        3
 Vampiric Draining        Necr           0%         2d6       100%        3
 Anguish                  Hex/Necr       0%         N/A       100%        4
 Animate Armour           Summ/Erth      0%         N/A       100%        4
 Iskenderun's Mystic Bla  Conj/Tloc      0%         2d3       100%        4
 Leda's Liquefaction      Hex/Erth       0%         N/A       100%        4
 Lee's Rapid Deconstruct  Erth           0%         3d5*      100%        5
 Dispersal                Tloc           0%         N/A       100%        6
 Starburst                Conj/Fire      0%         6d3       100%        6
 Statue Form              Tmut/Erth      0%         N/A       100%        6
 Lehudib's Crystal Spear  Conj/Erth      0%         10d2      100%        8


Dungeon Overview and Level Annotations

Branches:
Dungeon (12/15)            Temple (1/1) D:7            Lair (6/6) D:11
 Shoals (0/4) Lair:2       Spider (0/4) Lair:4        Slime (0/5) Lair:6
Volcano (visited)         Gauntlet (visited)
    Orc: D:9-12

Altars:
Ashenzari
Cheibriados
Dithmenos
Elyvilon
Fedhas
Gozag
Hepliaklqana
Kikubaaqudgha
Makhleb
Nemelex Xobeh
Okawaru
Qazlal
Ru
Sif Muna
Trog
Uskayaw
Vehumet
Wu Jian
Xom
Yredelemnul
Zin
The Shining One

Shops:
D:8 ?

Annotations:
D:3 2 transporters, SuisLittleHoshiymin's ghost, weakling HOMo


Innate Abilities, Weirdness & Mutations

You have a pair of horns on your head.
You are partially covered in large bone plates. (SH +4)
You are mostly covered in sharp spines.
When hurt, damage is shared between your health and your magic reserves.
You regenerate magic rapidly.
When low on magic, you restore magic in place of health.
You occasionally shout uncontrollably at your foes.


Message History

The enormous slime creature is heavily wounded.
Two slime creatures merge to form a titanic slime creature.
You whack the titanic slime creature!
You headbutt the titanic slime creature, but do no damage.
The titanic slime creature is heavily wounded.
You whack the titanic slime creature!
You headbutt the titanic slime creature.
The titanic slime creature is heavily wounded.
The titanic slime creature hits you!!!!
Ouch! That really hurt!
You are too injured to fight recklessly!
You whack the titanic slime creature!
The titanic slime creature looks as sick as possible!
You headbutt the titanic slime creature.
The titanic slime creature is heavily wounded.
You barely miss the titanic slime creature.
The titanic slime creature is heavily wounded.
You block the titanic slime creature's attack.
You whack the titanic slime creature!
The titanic slime creature looks as sick as possible!
You headbutt the titanic slime creature, but do no damage.
The titanic slime creature is heavily wounded.
You whack the titanic slime creature!
The titanic slime creature is severely wounded.
The titanic slime creature is struck by your spines.
The titanic slime creature closely misses you.
You whack the titanic slime creature!
You headbutt the titanic slime creature.
The titanic slime creature is severely wounded.
The titanic slime creature hits you!!
* * * LOW HITPOINT WARNING * * *
You barely miss the titanic slime creature.
You headbutt the titanic slime creature.
The titanic slime creature is severely wounded.
You thrash the titanic slime creature!!
You headbutt the titanic slime creature!
The titanic slime creature is almost dead.
The titanic slime creature hits you!!!
You die...
Your body glows slightly and disappears.

### ... #.# #.# #.#
#J# #@# #.# ######
#.####....########
#....'....'.......
#######....########
..................#
##.####.##.######.#
#.#.......#.#
#.#..####.#.#


You could see a titanic slime creature (extremely poisoned).

Vanquished Creatures
  Harold (Lair:2)
  A boulder beetle (Lair:3)
  A jorogumo (Lair:4)
  5 hydras
  An ogre mage (Volcano)
  2 death yaks (Lair:6)
  8 two-headed ogres
  A hell knight (Volcano)
  A sea snake (Lair:6)
  A necromancer (Lair:3)
  3 oklob plants (Lair:6)
  4 ugly things
  4 black mambas
  6 elephants
  Joseph (Lair:1)
  An orange demon (Lair:1)
  A gargoyle (D:11)
  20 cane toads
  An efreet (Lair:1)
  7 komodo dragons
  A kobold demonologist (D:11)
  4 rime drakes (Lair:6)
  6 polar bears
  A troll (D:7)
  A meliai (Lair:4)
  25 blink frogs
  3 tyrant leeches (Lair:6)
  5 dream sheep (Lair:6)
  Prince Ribbit (D:6)
  Sigmund (D:5)
  A shadow (D:12)
  A wraith (D:7)
  29 yaks
  4 wyverns
  7 vampire mosquitoes
  2 death yak simulacra (Lair:6)
  2 steam dragons
  6 basilisks
  Menkaure (D:6)
  3 acid dragons
  7 water moccasins
  3 orc warriors
  2 ice beasts (D:6)
  3 black bears
  2 ogres
  2 centaurs
  A phantom (D:4)
  3 kobold brigands
  21 bullfrogs
  A scorpion (D:6)
  6 wights
  12 killer bees
  A howler monkey (D:9)
  5 electric eels
  13 jellies
  3 orc priests (D:11)
  3 gnoll shamans
  7 hounds
  Jessica (D:3)
  Ijyb (D:4)
  3 iguanas
  8 orc wizards
  5 polar bear simulacra (Lair:3)
  3 yak simulacra (Lair:3)
  3 wolf simulacra
  20 gnolls
  6 adders
  A shadow imp (D:8)
  4 white imps
  An ufetubus (D:5)
  2 worms
  3 dart slugs
  24 orcs
  2 bats
  9 endoplasms
  A giant cockroach (D:1)
  6 goblins
  8 hobgoblins
  3 jackals (D:3)
  23 kobolds
  2 quokkas (D:4)
  4 ball pythons
  2 rats (D:2)
  A river rat simulacrum (Lair:3)
415 creatures vanquished.

Vanquished Creatures (collateral kills)
  A death yak (Lair:6)
  A komodo dragon (Lair:5)
  2 blink frogs (Lair:5)
  A dream sheep (Lair:6)
  A yak (Lair:6)
  2 basilisks (Lair:5)
8 creatures vanquished.

Vanquished Creatures (others)
  38 fungi
  98 plants
136 creatures vanquished.

Grand Total: 559 creatures vanquished

Notes
Turn   | Place    | Note
-------+----------+-------------------------------------------
     0 | D:1      | Toastz the Demonspawn Fighter began the quest for the Orb.
     0 | D:1      | Reached XP level 1. HP: 18/18 MP: 1/1
   415 | D:1      | Gained mutation: You have a pair of small horns on your
                  | head. [demonic ancestry]
   415 | D:1      | Reached XP level 2. HP: 24/24 MP: 2/2
  1504 | D:2      | Gained mutation: You are partially covered in sharp spines.
                  | [demonic ancestry]
  1504 | D:2      | Reached XP level 3. HP: 29/29 MP: 3/3
  1738 | D:2      | Found a faded altar of an unknown god.
  2170 | D:3      | Found a transporter.
  2222 | D:3      | Noticed Jessica
  2226 | D:3      | Killed Jessica
  2227 | D:3      | Gained mutation: You regenerate magic rapidly. [demonic
                  | ancestry]
  2227 | D:3      | Reached XP level 4. HP: 37/37 MP: 4/4
  2487 | D:3      | Noticed SuisLittleHoshiymin's ghost (weakling HOMo)
  2498 | D:3      | Found a transporter.
  3173 | D:4      | Noticed Ijyb
  3180 | D:4      | Killed Ijyb
  3181 | D:4      | Reached skill level 4 in Fighting
  3181 | D:4      | Gained mutation: You are partially covered in large bone
                  | plates. (SH +4) [demonic ancestry]
  3181 | D:4      | Reached XP level 5. HP: 29/42 MP: 5/5
  3392 | D:4      | Noticed a black bear
  3397 | D:4      | Killed a black bear
  3552 | D:4      | Reached XP level 6. HP: 16/49 MP: 2/6
  3803 | D:4      | Reached skill level 5 in Maces & Flails
  4169 | D:4      | Reached XP level 7. HP: 38/55 MP: 5/7
  4411 | D:4      | Reached skill level 5 in Fighting
  4549 | D:5      | Entered Level 5 of the Dungeon
  4933 | D:5      | Noticed Sigmund
  4942 | D:5      | Killed Sigmund
  4943 | D:5      | Reached XP level 8. HP: 61/64 MP: 8/8
  5073 | D:5      | Found a basalt altar of Yredelemnul.
  5227 | D:5      | Reached skill level 5 in Armour
  5583 | D:6      | Reached skill level 6 in Fighting
  5626 | D:6      | Noticed Menkaure
  5633 | D:6      | Killed Menkaure
  6080 | D:6      | Noticed Prince Ribbit
  6088 | D:6      | Killed Prince Ribbit
  6587 | D:7      | Gained mutation: You have a pair of horns on your head.
                  | [demonic ancestry]
  6587 | D:7      | Reached XP level 9. HP: 66/71 MP: 9/9
  6601 | D:7      | Reached skill level 7 in Fighting
  7110 | D:7      | Found a staircase to the Ecumenical Temple.
  7122 | Temple   | Entered the Ecumenical Temple
  7559 | Temple   | Became a worshipper of Nemelex Xobeh the Trickster
  7953 | D:8      | Noticed a troll
  7976 | D:7      | Killed a troll
  8268 | D:8      | Found Istristra's Magic Scroll Shop.
  8276 | D:8      | Bought a scroll of identify for 28 gold pieces
  8276 | D:8      | Bought a scroll of identify for 28 gold pieces
  8276 | D:8      | Bought a scroll of fear for 49 gold pieces
  8276 | D:8      | Bought a scroll of teleportation for 42 gold pieces
  8563 | D:9      | Reached * piety under Nemelex Xobeh
  8605 | D:9      | Noticed a two-headed ogre
  8612 | D:9      | Killed a two-headed ogre
  8613 | D:9      | Reached skill level 8 in Fighting
  8827 | D:8      | Reached skill level 10 in Maces & Flails
  9012 | D:9      | Noticed a purple ugly thing
  9153 | D:9      | Killed a purple ugly thing
  9154 | D:9      | Reached XP level 10. HP: 81/82 MP: 10/10
  9241 | D:9      | Received a gift from Nemelex Xobeh
  9629 | D:9      | Reached skill level 1 in Invocations
  9822 | D:10     | Entered Level 10 of the Dungeon
 10188 | D:10     | Found a broken altar of Ashenzari.
 10331 | D:10     | Noticed a two-headed ogre
 10476 | D:10     | Reached skill level 9 in Fighting
 11518 | D:10     | Received a gift from Nemelex Xobeh
 11883 | D:10     | Reached ** piety under Nemelex Xobeh
 12160 | D:11     | Noticed a gargoyle
 12176 | D:11     | Killed a gargoyle
 12307 | D:10     | Killed a two-headed ogre
 12473 | D:11     | Noticed an eight-headed hydra
 12479 | D:11     | Killed an eight-headed hydra
 12480 | D:11     | Reached skill level 5 in Invocations
 12489 | D:11     | Gained mutation: When hurt, damage is shared between your
                  | health and your magic reserves. [demonic ancestry]
 12489 | D:11     | Reached XP level 11. HP: 83/90 MP: 14/14
 12757 | D:11     | Gained mutation: You occasionally shout uncontrollably at
                  | your foes. [a neqoxec]
 12807 | D:11     | Received a gift from Nemelex Xobeh
 12918 | D:11     | Noticed a brown ugly thing
 12932 | D:11     | Killed a brown ugly thing
 13097 | D:11     | Found a staircase to the Lair.
 13213 | D:11     | Noticed a two-headed ogre
 13219 | D:11     | Killed a two-headed ogre
 13220 | D:11     | Reached skill level 10 in Fighting
 13505 | Lair:1   | Entered Level 1 of the Lair of Beasts
 13535 | Lair:1   | Found a gate leading to a gauntlet.
 13548 | Gauntlet | Entered a Gauntlet
 13548 | Gauntlet | Found a transporter.
 13548 | Gauntlet | Found a transporter.
 13549 | Gauntlet | Found a transporter.
 13552 | Gauntlet | Found a transporter.
 13552 | Gauntlet | Found a transporter.
 13558 | Gauntlet | Noticed a wretched star
 13558 | Gauntlet | Noticed an entropy weaver
 13560 | Gauntlet | Noticed a wolf spider
 13562 | Gauntlet | Found a transporter.
 13566 | Gauntlet | Found a transporter.
 13574 | Gauntlet | Noticed a thrashing horror
 13576 | Gauntlet | Found a transporter.
 13578 | Gauntlet | Noticed a catoblepas
 13581 | Gauntlet | Found a transporter.
 13600 | Gauntlet | Found a transporter.
 13604 | Gauntlet | Found a transporter.
 13618 | Gauntlet | Found a transporter.
 13685 | Gauntlet | Reached *** piety under Nemelex Xobeh
 14225 | Lair:1   | Noticed Joseph
 14240 | Lair:1   | Killed Joseph
 14552 | Lair:1   | Noticed Amaemon
 14556 | Lair:1   | Noticed Amaemon
 14556 | Lair:1   | Amaemon changed into Amaemon the efreet
 14564 | Lair:1   | Killed Amaemon the efreet
 14843 | Lair:1   | Reached skill level 1 in Dodging
 15109 | Lair:2   | Received a gift from Nemelex Xobeh
 15342 | Lair:2   | Received a gift from Nemelex Xobeh
 15402 | Lair:2   | Noticed a five-headed hydra
 15411 | Lair:2   | Killed a five-headed hydra
 15483 | Lair:2   | Noticed Harold
 15490 | Lair:2   | Killed Harold
 15491 | Lair:2   | Reached skill level 11 in Fighting
 15656 | Lair:2   | Reached XP level 12. HP: 97/100 MP: 15/17
 15718 | Lair:2   | Found a staircase to the Shoals.
 16035 | Lair:3   | Reached **** piety under Nemelex Xobeh
 16370 | Lair:3   | Identified the +5 trident "Femuuny" {protect, rPois Will++
                  | Int+3 Dex-3}
 16454 | Lair:3   | Noticed a six-headed hydra
 16466 | Lair:3   | Killed a six-headed hydra
 16467 | Lair:3   | Reached skill level 12 in Fighting
 16642 | Lair:3   | Received a gift from Nemelex Xobeh
 16837 | Lair:3   | Noticed a boulder beetle
 16849 | Lair:3   | Killed a boulder beetle
 17489 | Lair:4   | Found a hole to the Spider Nest.
 17715 | Lair:4   | Reached skill level 13 in Fighting
 17989 | Lair:4   | Reached skill level 10 in Invocations
 18113 | Lair:4   | Noticed an eight-headed hydra
 18114 | Lair:4   | Noticed a jorogumo
 18114 | Lair:4   | an eight-headed hydra changed into a jorogumo
 18117 | Lair:4   | Killed a jorogumo
 18299 | Lair:5   | You are sucked into a shaft and drop 1 floor!
 18299 | Lair:6   | Entered Level 6 of the Lair of Beasts
 18355 | Lair:5   | Reached skill level 14 in Fighting
 18377 | Lair:5   | Gained mutation: When low on magic, you restore magic in
                  | place of health. [demonic ancestry]
 18377 | Lair:5   | Reached XP level 13. HP: 36/113 MP: 20/20
 18697 | Lair:5   | Received a gift from Nemelex Xobeh
 18715 | Lair:5   | Found a dark tunnel.
 18749 | Volcano  | Entered a volcano
 18965 | Volcano  | Reached skill level 15 in Fighting
 19969 | Lair:5   | Reached ***** piety under Nemelex Xobeh
 20093 | Lair:6   | Received a gift from Nemelex Xobeh
 21116 | Lair:6   | Reached skill level 16 in Fighting
 21305 | Lair:6   | Reached skill level 5 in Shields
 21704 | Lair:6   | Gained mutation: You are mostly covered in sharp spines.
                  | [demonic ancestry]
 21704 | Lair:6   | Reached XP level 14. HP: 51/126 MP: 21/21
 22357 | Lair:6   | Received a gift from Nemelex Xobeh
 22382 | Lair:6   | Identified the +5 great mace of Dithmenos's Anger
                  | {antimagic, Will+ Str+4 Int+2}
 22651 | Lair:6   | Noticed Nessos
 22652 | Lair:6   | Noticed Nessos
 22652 | Lair:6   | Nessos changed into Nessos the sea snake
 22658 | Lair:6   | Killed Nessos the sea snake
 22659 | Lair:6   | Reached skill level 17 in Fighting
 22666 | Lair:6   | Found a staircase to the Slime Pits.
 22837 | Lair:6   | Received a gift from Nemelex Xobeh
 23657 | D:12     | Demolished by a titanic slime creature

Illustrated notes

Levels and vault maps discovered:
D:1:      dpeg_arrival_three_smaller_balls, layout_loops_corners
D:2:      layout_basic, hellmonk_ecumenical_altar_run_dry
D:3:      layout_basic, gammafunk_ghost_stat_death, nrook_mini_vaults,
          uniq_jessica
D:4:      minmay_bubble_buster, layout_basic, uniq_ijyb
D:5:      layout_basic, yredelemnul_altar_generic, dreamdust_gnoll_farm,
          uniq_sigmund
D:6:      layout_basic, uniq_prince_ribbit1, uniq_menkaure
D:7:      layout_cave_pods, minmay_temple_entry_mist
D:8:      layout_basic, serial_shops, shop_scrolls, minmay_manual_moon
D:9:      layout_cave_pools
D:10:     layout_basic, ashenzari_conservatory_becter
D:11:     layout_basic, lair_entry_dummy
D:12:     layout_basic, kennysheep_orc_monster_closet_entryway, serial_shops,
          nicolae_inconvenience_store
Temple:   mainiacjoe_temple_big_plus
Lair:1:   layout_loops_ring, gauntlet_entry_generic, uniq_joseph, uniq_amaemon
Lair:2:   layout_long_grid, elwin_shoals_entry_rocks,
          chequers_serial_rivers_marsh, uniq_harold
Lair:3:   layout_loops_ring, eino_house_with_fridge
Lair:4:   layout_concentric_octagons, hellmonk_spider_entry_not_the_bees
Lair:5:   layout_long_grid, lightli_volcano_entry_magma_tube,
          kennysheep_basilisk_garden, grunt_megastairs_3
Lair:6:   minmay_lair_end_frog_pond, layout_hall_layers,
          minmay_slime_entry_jelly_boxes, portal_ice_cave_entry_ice_simulacra,
          dpeg_oklob_1, serial_bayou_shore_a, uniq_nessos

Skill      XL: |  1  2  3  4  5  6  7  8  9 10 11 12 13 14 |
---------------+-------------------------------------------+-----
Maces & Flails | 2 3 4 5 6 8 10 11 12 | 12.8
Armour         | 3 4 5 7 8 9 |  9.0
Fighting       | 4 5 6 8 9 11 14 16 17 | 17.1
Invocations    | 5 7 10 11 | 11.9
Dodging        | 3 |  3.0
Shields        | 5 |  5.0
Evocations     | |  0.8

Action                   |  1- 3 |  4- 6 |  7- 9 | 10-12 | 13-15 || total
-------------------------+-------+-------+-------+-------+-------++-------
Melee: Flail             |    49 |    83 |   243 |   251 |       ||   626
       Headbutt          |     3 |    14 |    52 |   115 |   122 ||   306
       Demon whip        |       |       |       |   244 |   438 ||   682
Throw: Boomerang         |     7 |    12 |    49 |    15 |    17 ||   100
Invok: Draw Destruction  |       |       |       |    15 |     1 ||    16
       Draw Summoning    |       |       |       |     2 |     1 ||     3
       Draw Escape       |       |       |       |       |     3 ||     3
       Deal Four         |       |       |       |       |     1 ||     1
Evoke: Wand              |       |     4 |    13 |    10 |     4 ||    31
  Use: Scroll            |       |       |    17 |    18 |     4 ||    39
       Potion            |       |       |       |       |     1 ||     1
 Stab: Paralysed         |       |       |     4 |       |       ||     4
       Distracted        |       |       |       |     1 |     1 ||     2
       Petrified         |       |       |       |       |     1 ||     1
Armor: Scale mail        |    13 |       |       |       |     1 ||    14
       Chain mail        |     5 |    34 |   129 |   183 |     4 ||   355
       Plate armour      |       |       |       |       |   170 ||   170
Dodge: Dodged            |    15 |    15 |    61 |   129 |    96 ||   316
Block: Buckler           |     9 |    22 |   111 |   155 |   129 ||   426

Table legend: (Time is in decaauts)
 A = Elapsed time spent in this place.
 B = Non-inter-level travel time spent in this place.
 C = Inter-level travel time spent in this place.
 D = Time resting spent in this place.
 E = Time spent auto-exploring this place.
 F = Levels seen in this place.
 G = Mean time per level.
                   A        B        C        D        E       F      G
               +--------+--------+--------+--------+--------+-----+--------+
         Total |  23450 |  22369 |   1081 |   6224 |  12846 |  21 | 1116.7 |
       Dungeon |  13565 |  12781 |    784 |   3662 |   7259 |  12 | 1130.4 |
        Temple |    459 |    392 |     67 |      0 |    386 |   1 |  459.0 |
          Lair |   8551 |   8322 |    229 |   2165 |   4899 |   6 | 1425.2 |
       Volcano |    656 |    656 |      0 |    397 |    165 |   1 |  656.0 |
      Gauntlet |    216 |    216 |      0 |      0 |    137 |   1 |  216.0 |
               +--------+--------+--------+--------+--------+-----+--------+

Top non-repeatable levels by time:
    D:10: 2269 daAuts
  Lair:6: 2138 daAuts
  Lair:5: 1868 daAuts
     D:4: 1583 daAuts
  Lair:1: 1405 daAuts
  Lair:3: 1291 daAuts
    D:11: 1259 daAuts
     D:1: 1137 daAuts
     D:8: 1093 daAuts
     D:7: 1064 daAuts
     D:2: 1043 daAuts
     D:6: 1025 daAuts
     D:5: 1014 daAuts
  Lair:4: 929 daAuts
  Lair:2: 918 daAuts
